cohdb
Replays
Latest Replays
All Replays
Popular Replays
Top Player Replays
Match Explorer
How It Works
Community
CoH3 Stats
Reddit
Sign in to upload your games and track your stats! →
Sign in with Steam
Match 43688996
Unlisted
Match 43688996
Overview
Messages
Build Orders
End
Construct Barracks
Selects Heavy Weapons
Riflemen Squad
Riflemen Squad
Construct Weapon Support Center
Grenade Package
Selects Assault Carriers
Mechanized Support Center
M1918 Browning Automatic Rifles
M3 Assault Carrier
Bazooka Squad
Engineer Squad
Construct Medical Station
Improvised Armor
M3 Assault Carrier
Selects M2HB .50cal Heavy Machine Gun
Riflemen Squad
Construct Tank Depot
Selects Halftrack Strongpoints
Selects Towed M5 3-inch Anti-tank Gun
Towed M5 3-inch Anti-tank Gun
Selects Gallant Stand
Selects Bolstered Team Weapons
Riflemen Squad
Riflemen Squad
Towed M5 3-inch Anti-tank Gun
Engineer Squad
M4A1 76mm Conversion
M4A1(76) Sherman Medium Tank
Señor Woofers
ゆきかぜ
Jd577
Dad.ergo
Mirland
Rimsky
chobandi
Yayotastico
0
0
Comments
sign in to comment!
No comments posted yet!